 Seeded DCSS version 0.30-a0-540-g0af01429fa (webtiles) character file.

Game seed: 6605925880561935057 (custom seed)

409 purpskrrrp the Digger (level 7, -7/51 HPs)
             Began as a Formicid Earth Elementalist on Dec 26, 2022.
             Was a Believer of Makhleb.
             Killed from afar by an orc wizard (12 damage)
             ... with a puff of flame
             ... on level 4 of the Dungeon.
             The game lasted 00:05:50 (3111 turns).

purpskrrrp the Digger (Formicid Earth Elementalist) Turns: 3111, Time: 00:05:50

Health: -7/51      AC:  2    Str: 20    XL:     7   Next: 13%
Magic:  10/12      EV: 12    Int: 24    God:    Makhleb [**....]
Gold:   59         SH:  0    Dex: 11    Spells: 11/12 levels left

rFire   x . .      SeeInvis +    s - +0 halberd (venom)
rCold   + . .      Faith    .    (no shield)
rNeg    . . .      Spirit   .    a - +0 robe
rPois   .          Reflect  .    (helmet unavailable)
rElec   .          Harm     .    (no cloak)
rCorr   .          Rampage  .    (no gloves)
Will    .....                    (no boots)
Stlth   ++                       (no amulet)
HPRegen 0.28/turn                k - ring of protection from cold
MPRegen 0.13/turn                p - ring of Temperance {rF- Str+6 Int+9 Dex-3 SInv}

@: no status effects
A: permanent stasis, dig shafts and tunnels, antennae 3, four strong arms
a: Dig, Shaft Self, Renounce Religion, Minor Destruction


You were on level 4 of the Dungeon.
You worshipped Makhleb.
Makhleb was pleased with you.
You visited 1 branch of the dungeon, and saw 4 of its levels.

You collected 59 gold pieces.

Inventory:

Hand Weapons
 s - a +0 halberd of venom (weapon)
Armour
 a - a +0 robe (worn)
Jewellery
 g - a ring of ice
 i - a ring of fire
 k - a ring of protection from cold (left hand)
 p - the ring of Temperance (right hand) {rF- Str+6 Int+9 Dex-3 SInv}
   (You found it on level 3 of the Dungeon)

   [ring of strength]

   Str:       It affects your strength (+6).
   Int:       It affects your intelligence (+9).
   Dex:       It affects your dexterity (-3).
   rF:        It makes you vulnerable to fire.
   SInv:      It lets you see invisible.
 r - a ring of magical power
Scrolls
 c - a scroll of magic mapping
 e - a scroll of blinking
 h - a scroll of fear
 n - a scroll of vulnerability {unknown}
Potions
 b - 2 potions of magic
 d - 3 potions of haste
 f - 4 potions of curing
 j - 2 potions of flight
 l - a potion of attraction {unknown}
 m - 2 potions of ambrosia
 o - a potion of resistance {unknown}


   Skills:
 + Level 2.6 Fighting
 + Level 2.5 Armour
 - Level 1.9 Dodging
 - Level 2.6 Stealth
 + Level 3.4 Spellcasting
 + Level 3.0 Transmutations
 + Level 5.0 Earth Magic
 + Level 2.8 Invocations


You had 11 spell levels left.
You knew the following spells:

 Your Spells              Type           Power      Damage    Failure   Level
a - Sandblast             Erth           56%        2d13      1%          1

Your spell library contained the following spells:

 Spells                   Type           Power      Damage    Failure   Level
 Passwall                 Tmut/Erth      19%        N/A       3%          2
 Stone Arrow              Conj/Erth      32%        3d9       11%         3
 Scorch                   Fire           8%         2d5       16%         2
 Petrify                  Tmut/Erth      23%        N/A       19%         4
 Flame Wave               Conj/Fire      4%         2d5       71%         4
 Summon Cactus Giant      Summ           2%         N/A       100%        6


Dungeon Overview and Level Annotations

Branches:
Dungeon (4/15)
 Temple: D:4-7

Altars:
Makhleb


Innate Abilities, Weirdness & Mutations

You cannot be hasted, slowed, berserked, paralysed or teleported.
You can dig through walls and to a lower floor.
You have a pair of large antennae on your head. (SInv)
Your four strong arms can wield two-handed weapons with a shield.


Message History

The black bear bites you.
The black bear claws you but does no damage. x2
You hit the black bear.
The black bear looks as sick as possible!
The black bear is severely wounded.
The orc barely misses you. The black bear bites you.
The black bear barely misses you. x2
The orc hits you from afar with a +0 trident.
An orc wizard comes into view.
It is wielding a +0 dagger and wearing the ring of Viat {Wiz rPois rC+}.
The black bear barely misses you. x2; The black bear claws you.
You hit the black bear but do no damage.
Your punch misses the black bear.
The black bear is severely wounded.
The orc closely misses you.
The black bear goes berserk!
You barely miss the black bear.
The black bear is almost dead.
The black bear bites you.
* * * LOW HITPOINT WARNING * * *
The black bear barely misses you. The black bear claws you.
* * * LOW HITPOINT WARNING * * *
The orc closely misses you. The black bear misses you.
The black bear claws you.
* * * LOW HITPOINT WARNING * * *
The black bear claws you!
* * * LOW HITPOINT WARNING * * *
The orc misses you.
You feel better.
You kill the black bear!
Makhleb accepts your kill.
The orc hits you from afar with a +0 trident!
* * * LOW HITPOINT WARNING * * *
Your Transmutations skill increases to level 3!
Your Earth Magic skill increases to level 5!
You have reached level 7!
You feel better.
The orc hits you from afar with a +0 trident!
* * * LOW HITPOINT WARNING * * *
The orc wizard points at you and mumbles some strange words.
The puff of flame hits you! The fire burns you terribly!
You die...

#..........###
##.#####
.[.#........
##..#.#
.|.########.
#....# ....#
##...# ....#
##..#### ...##
#......# ..##
##...#### ..#
######...##
.## #.o@....##
.#
....)o#######
..... ..## . {


You could see an orc wizard and an orc.

Vanquished Creatures
  Menkaure (D:4)
  A black bear (D:4)
  An orc priest (D:4)
  An iguana (D:3)
  2 orc wizards (D:4)
  4 adders
  2 dart slugs
  A worm (D:3)
  2 orcs
  3 ball pythons
  4 endoplasms
  4 giant cockroaches
  6 hobgoblins
  10 kobolds
  3 quokkas
  8 bats
  2 frilled lizards
  7 goblins
  4 rats (D:1)
66 creatures vanquished.

Vanquished Creatures (others)
  A plant (D:3)
1 creature vanquished.

Grand Total: 67 creatures vanquished

Notes
Turn   | Place    | Note
-------+----------+-------------------------------------------
     0 | D:1      | purpskrrrp the Formicid Earth Elementalist began the quest
                  | for the Orb.
     0 | D:1      | Reached XP level 1. HP: 13/13 MP: 3/3
   134 | D:1      | Reached XP level 2. HP: 19/19 MP: 3/5
   325 | D:1      | Found a faded altar of an unknown god.
   363 | D:1      | Prayed at the altar of an unknown god.
   363 | D:1      | Became a worshipper of Makhleb the Destroyer
   363 | D:1      | Reached * piety under Makhleb
   411 | D:1      | Reached XP level 3. HP: 12/25 MP: 3/6
  1089 | D:2      | Reached skill level 4 in Earth Magic
  1149 | D:2      | Reached skill level 1 in Fighting
  1149 | D:2      | Reached skill level 1 in Armour
  1264 | D:2      | Reached XP level 4. HP: 31/32 MP: 4/7
  1363 | D:2      | Reached ** piety under Makhleb
  1458 | D:2      | Reached skill level 1 in Invocations
  1861 | D:3      | Identified the ring of Temperance {rF- Str+6 Int+9 Dex-3
                  | SInv}
  2068 | D:3      | Reached XP level 5. HP: 15/37 MP: 2/9
  2873 | D:4      | Noticed Menkaure
  2880 | D:4      | Killed Menkaure
  2881 | D:4      | Reached XP level 6. HP: 15/44 MP: 7/10
  3097 | D:4      | Noticed a black bear
  3107 | D:4      | Identified the ring of Viat {Wiz rPois rC+}
  3109 | D:4      | HP: 1/46 [black bear (7)]
  3110 | D:4      | Killed a black bear
  3111 | D:4      | Reached skill level 5 in Earth Magic
  3111 | D:4      | Reached XP level 7. HP: 3/51 MP: 10/12
  3111 | D:4      | Killed from afar by an orc wizard

Illustrated notes

Levels and vault maps discovered:
D:1:      amcnicky_arrival_double_pillar, layout_loops_ring,
          chequers_ecumenical_altar_simple_redux, minivault_24, minivault_24,
          corner_web_ring
D:2:      layout_rooms
D:3:      layout_basic, serial_co_window_serial, co_window_paths_a,
          co_window_paths_a, co_window_paths_b, co_window_corner_a,
          co_window_of_opportunity_a, co_window_paths_b, co_window_paths_a,
          co_window_corner_b, co_window_corner_cb, co_window_corner_ca,
          co_window_corner_ca, co_window_unsneaky_path_c, serial_bayou_pond_a
D:4:      layout_layer_cave, nicolae_overflow_crystal_walls, uniq_menkaure

Skill      XL: |  1  2  3  4  5  6 |
---------------+-------------------+-----
Earth Magic    | 4 5 |  5.0
Fighting       | 1 2 |  2.6
Armour         | 1 2 |  2.5
Invocations    | 1 2 |  2.8
Transmutations | 2 3 |  3.0
Spellcasting   | 3 |  3.4
Dodging        | |  1.9
Stealth        | |  2.6

Action                   |  1- 3 |  4- 6 |  7- 9 || total
-------------------------+-------+-------+-------++-------
Melee: Unarmed           |    21 |     7 |       ||    28
       Halberd           |       |    16 |       ||    16
 Cast: Sandblast         |    37 |    46 |       ||    83
Invok: Minor Destruction |       |     1 |       ||     1
  Use: Scroll            |     4 |     7 |       ||    11
       Potion            |       |     1 |     1 ||     2
 Stab: Sleeping          |       |     1 |       ||     1
Armor: Robe              |     3 |     6 |       ||     9
Dodge: Dodged            |    18 |    31 |       ||    49

Table legend: (Time is in decaauts)
 A = Elapsed time spent in this place.
 B = Non-inter-level travel time spent in this place.
 C = Inter-level travel time spent in this place.
 D = Time resting spent in this place.
 E = Time spent auto-exploring this place.
 F = Levels seen in this place.
 G = Mean time per level.
                   A        B        C        D        E       F      G
               +--------+--------+--------+--------+--------+-----+--------+
         Total |   3158 |   3051 |    107 |    143 |   2501 |   4 |  789.5 |
       Dungeon |   3158 |   3051 |    107 |    143 |   2501 |   4 |  789.5 |
               +--------+--------+--------+--------+--------+-----+--------+

Top non-repeatable levels by time:
     D:3: 1269 daAuts
     D:1: 1049 daAuts
     D:2: 588 daAuts
     D:4: 250 daAuts
